 Dungeon Crawl Stone Soup version 0.24-a0-167-g029c7ce0ac (webtiles) character file.

Game seed: 17169628481632251815

545 Roikka the Chopper (level 7, -3/91 HPs)
             Began as a Minotaur Gladiator on Mar 7, 2019.
             Was a Believer of Trog.
             Slain by a troll (18 damage)
             ... on level 4 of the Dungeon.
             The game lasted 00:11:58 (3696 turns).

Roikka the Chopper (Minotaur Gladiator)             Turns: 3696, Time: 00:11:58

Health: -3/91      AC:  5    Str: 25    XL:     7   Next: 6%
Magic:  15/15      EV: 13    Int:  5    God:    Trog [**....]
Gold:   159        SH:  0    Dex: 12    Spells: 6/6 levels left

rFire    . . .     SeeInvis .   a - +0 war axe
rCold    . . .     Gourm    .   (no shield)
rNeg     . . .     Faith    .   l - +0 ring mail
rPois    .         Spirit   .   c - +0 hat
rElec    .         Reflect  .   (no cloak)
rCorr    .         Harm     .   (no gloves)
MR       .....                  (no boots)
Stlth    ..........             (no amulet)
HPRegen  0.25/turn              e - ring of stealth
MPRegen  0.14/turn              k - ring of magical power

@: berserking, lightly drained, very quick
A: retaliatory headbutt, horns 2
a: Berserk, Trog's Hand, Renounce Religion


You were on level 4 of the Dungeon.
You worshipped Trog.
Trog was pleased with you.
You were very hungry.

You visited 1 branch of the dungeon, and saw 4 of its levels.

You collected 159 gold pieces.

Inventory:

Hand Weapons
 a - a +0 war axe (weapon)
Missiles
 d - a throwing net
 r - 4 tomahawks (quivered)
Armour
 c - a +0 hat (worn)
 l - a +0 ring mail (worn)
Jewellery
 e - a ring of stealth (left hand)
 k - a ring of magical power (right hand)
 m - an uncursed ring of magical power
Wands
 g - a wand of polymorph (10)
 s - a wand of iceblast (2)
Scrolls
 h - a scroll of enchant armour {unknown}
 q - a scroll of fear
Potions
 b - a potion of cancellation
 i - 3 potions of heal wounds {unknown}
 j - a potion of curing
 n - 2 potions of resistance
 p - a potion of haste {unknown}
Comestibles
 f - 8 rations
 o - 2 chunks of flesh


   Skills:
 * Level 5.4(5.3) Fighting
 * Level 6.7(6.6) Axes
 - Level 2.0(1.8) Throwing
 + Level 3.7(3.5) Armour
 + Level 4.2(4.1) Dodging


You had 6 spell levels left.
You didn't know any spells.
Your spell library was empty.

Dungeon Overview and Level Annotations

Branches:
Dungeon (4/15)
 Temple: D:4-7

Altars:
Ashenzari
Hepliaklqana
Ru
Trog
Yredelemnul


Innate Abilities, Weirdness & Mutations

You reflexively headbutt those who attack you in melee.
You have a pair of horns on your head.


Message History

A red film seems to cover your vision as you go berserk!
You feel yourself moving faster!
You feel mighty!
You are feeling very hungry.
The troll misses you. The troll claws you. The troll misses you.
You barely miss the troll. You headbutt the troll.
The troll is lightly wounded.
You barely miss the troll.
The troll is lightly wounded.
The troll barely misses you. You furiously retaliate!
You headbutt the troll. The troll closely misses you. The troll claws you.
* * * LOW HITPOINT WARNING * * *
You completely miss the troll.
The troll is lightly wounded.
The troll bites you!
* * * LOW HITPOINT WARNING * * *
The troll closely misses you. The troll misses you.
You barely miss the troll. Your headbutt misses the troll.
The troll is lightly wounded.
The troll bites you!!
You die...

##.....##.#
#..#.#
##...###.#
#.##.# ##'##
#####. #.# #.#
.##. #.# #.#
(.## ..# ##.##
#.# ###
##...## ..#
#.....##.###.#
##.%.@To)....#
##.###.###.##
#.# #.# ...
..# ##.# ###
#.# #.#


You could see a troll and an orc priest.

Vanquished Creatures
  2 ogres (D:4)
  A howler monkey (D:4)
  4 orc wizards (D:4)
  Robin (D:3)
  A howler monkey skeleton (D:4)
  9 adders
  2 oozes
  A dart slug (D:1)
  2 worms (D:2)
  2 leopard geckos
  9 orcs
  4 giant cockroaches
  18 goblins
  7 hobgoblins
  7 jackals
  A quokka (D:3)
  5 bats
  11 frilled lizards
  9 kobolds
  6 rats
102 creatures vanquished.

Notes
Turn   | Place    | Note
-------+----------+-------------------------------------------
     0 | D:1      | Roikka the Minotaur Gladiator began the quest for the Orb.
     0 | D:1      | Reached XP level 1. HP: 18/18 MP: 0/0
   182 | D:1      | Reached skill level 4 in Axes
   277 | D:1      | Reached XP level 2. HP: 23/25 MP: 1/1
   289 | D:1      | Reached skill level 1 in Armour
   731 | D:1      | Reached XP level 3. HP: 29/31 MP: 2/2
  1358 | D:2      | Reached XP level 4. HP: 22/38 MP: 3/3
  1699 | D:2      | Reached skill level 5 in Axes
  1759 | D:2      | Found a bloodstained altar of Trog.
  1769 | D:2      | Became a worshipper of Trog the Wrathful
  1836 | D:2      | Found a sacrificial altar of Ru.
  2129 | D:3      | Found a shattered altar of Ashenzari.
  2400 | D:3      | Reached XP level 5. HP: 28/46 MP: 4/4
  2647 | D:3      | Noticed Robin
  2663 | D:3      | Reached * piety under Trog
  2736 | D:3      | Killed Robin
  2773 | D:3      | Found a basalt altar of Yredelemnul.
  3069 | D:4      | Noticed an ogre
  3073 | D:4      | Killed an ogre
  3073 | D:4      | Reached XP level 6. HP: 53/53 MP: 5/5
  3164 | D:4      | Reached skill level 6 in Axes
  3173 | D:4      | Reached skill level 5 in Fighting
  3429 | D:4      | Found a hazy altar of Hepliaklqana.
  3441 | D:4      | Reached XP level 7. HP: 60/61 MP: 6/6
  3462 | D:4      | Reached ** piety under Trog
  3685 | D:4      | Noticed a troll
  3696 | D:4      | Slain by a troll

Levels and vault maps discovered:
D:1:      matt_arrival_spirals, layout_basic, hangedman_decor_push,
          minmay_lizard_pond
D:2:      layout_basic, nicolae_ru_the_path_less_chosen,
          lemuel_coloured_pillars_altar
D:3:      layout_basic, yredelemnul_altar_generic, cheibrodos_ashenzari_chains,
          first_ration, minmay_misc_feat_square, minmay_misc_feat_more_columns,
          uniq_robin
D:4:      layout_loops_corners, nicolae_overflow_crystal_walls,
          grunt_qazlal_clouds, nrook_loot_triangle

Skill      XL: |  1  2  3  4  5  6 |
---------------+-------------------+-----
Axes           | 4 5 6 |  6.7
Armour         | 1 2 3 |  3.7
Fighting       | 3 4 5 |  5.4
Dodging        | 4 |  4.2
Throwing       | |  2.0

Action                   |  1- 3 |  4- 6 |  7- 9 || total
-------------------------+-------+-------+-------++-------
Melee: War axe           |    67 |   113 |    28 ||   208
       Headbutt          |     9 |    14 |     2 ||    25
Throw: Stone             |    15 |       |       ||    15
       Throwing net      |     1 |     2 |       ||     3
       Tomahawk          |       |    14 |       ||    14
Invok: Berserk           |       |     1 |     1 ||     2
  Use: Scroll            |       |    12 |       ||    12
 Stab: Distracted        |     1 |       |       ||     1
       Sleeping          |       |     1 |     1 ||     2
  Eat: Chunk             |     1 |     8 |     1 ||    10
Armor: Leather armour    |     4 |       |       ||     4
       Ring mail         |    12 |    37 |    12 ||    61
Dodge: Dodged            |    61 |    75 |    21 ||   157

Table legend:
 A = Non-vault XP
 B = Vault XP
 C = Vault XP percentage of total XP
 D = Non-vault monster count
 E = Vault monster count
 F = Vault count percentage of total count
                 A         B        C        D         E       F
            +---------+---------+-------+---------+---------+-------
      Total |     731 |      48 |   6.2 |      81 |      21 |  20.6
            +---------+---------+-------+---------+---------+-------
        D:1 |      38 |       8 |  17.4 |      21 |       8 |  27.6
        D:2 |      65 |       4 |   5.8 |      18 |       2 |  10.0
        D:3 |     115 |      36 |  23.8 |      25 |      11 |  30.6
        D:4 |     513 |       0 |   0.0 |      17 |       0 |   0.0
            +---------+---------+-------+---------+---------+-------
